 Dungeon Crawl Stone Soup version 0.19.0 (webtiles) character file.

941 asthiss the Cudgeler (level 8, -7/61 HPs)
             Began as a Human Berserker on Nov 1, 2016.
             Was an Elder of Trog.
             Shot with an arrow by a centaur (11 damage)
             ... on level 5 of the Dungeon.
             The game lasted 00:25:27 (5084 turns).

asthiss the Cudgeler (Human Berserker)              Turns: 5084, Time: 00:25:28

Health: -7/61      AC:  1    Str: 20    XL:     8   Next: 34%
Magic:  8/8        EV: 13    Int:  7    God:    Trog [****..]
Gold:   135        SH:  0    Dex: 13    Spells: 0 memorised, 7 levels left

rFire  x . .     SeeInvis .     a - +1 mace
rCold  + + .     Gourm    .     (no armour)
rNeg   . . .     Faith    .     (no shield)
rPois  .         Spirit   .     (no helmet)
rElec  .         Reflect  .     (no cloak)
rCorr  .         Harm     .     (no gloves)
MR     .....                    l - +0 pair of boots
Stlth  +.........               (no amulet)
                                m - ring of protection from cold
                                b - ring of ice

@: no status effects
A: no striking features
a: Berserk, Trog's Hand, Brothers in Arms, Burn Spellbooks, Renounce Religion


You were on level 5 of the Dungeon.
You worshipped Trog.
Trog was greatly pleased with you.
You were not hungry.

You visited 1 branch of the dungeon, and saw 5 of its levels.

You collected 135 gold pieces.

Inventory:

Hand Weapons
 a - a +1 mace (weapon)
 q - a +0 flail of protection
 u - a +0 whip of flaming
Armour
 l - a +0 pair of boots (worn)
 v - a +1 robe of fire resistance
Jewellery
 b - a ring of ice (left hand)
 m - a ring of protection from cold (right hand)
Wands
 g - a wand of paralysis (1/24)
Scrolls
 e - 6 scrolls of remove curse
 n - a scroll of identify
 p - a scroll of recharging
 t - a scroll of enchant weapon
Potions
 i - a potion of cure mutation
 k - 3 potions of might
 o - 3 potions of flight
Comestibles
 c - 3 bread rations
 d - a chunk of flesh
 f - 2 slices of pizza
 h - a beef jerky
 j - 3 fruits


   Skills:
 + Level 4.8 Fighting
 + Level 7.3 Maces & Flails
 + Level 4.8 Armour
 + Level 2.4 Dodging
 + Level 0.7 Stealth


You had 7 spell levels left.
You didn't know any spells.

Dungeon Overview and Level Annotations

Branches:
Dungeon (5/15)
 Temple: D:4-7

Altars:
Gozag
Ru
Trog
Xom


Message History

HP restored.
There is an open door here.
The centaur shouts!
The centaur wields a shortbow.
The centaur shoots an arrow.
The arrow completely misses you.
You see here an arrow.
The centaur shoots an arrow.
The arrow hits you.
You see here an arrow.
The centaur shoots an arrow.
The arrow hits you!
The centaur shoots an arrow.
The arrow hits you!
You see here 3 arrows.
The centaur shoots an arrow.
The arrow hits you!
* * * LOW HITPOINT WARNING * * *
The centaur shoots an arrow.
The arrow hits you!
* * * LOW HITPOINT WARNING * * *
There is an open door, spattered with blood here.
You see here 2 arrows.
You start resting.
The centaur shoots an arrow.
The arrow hits you!
You die...

###### #.... ......# #...#
.....# #...# #....# +...+
#....####### #####...+
#....##..... # # ..##...+
#....##..... #..#c##.##...#
#....##.....
##......###@.#####.......##+
..>....(c.(.........#.......
##.########....###..#.######
................<......
#########..####.##.####
#..####......#
#.....#..###.#
######..<#.##.. #.#
#..........##.#.#.#


You could see a centaur.

Vanquished Creatures
  Pikel (D:4)
  An orc priest (D:3)
  2 centaur skeletons (D:4)
  Ijyb (D:3)
  4 orc wizards
  A hound skeleton (D:3)
  A gnoll (D:4)
  10 adders
  2 oozes
  3 worms
  4 dart slugs
  4 leopard geckos
  11 orcs
  3 ball pythons
  10 bats
  5 giant cockroaches
  9 goblins
  8 hobgoblins
  10 jackals
  6 kobolds
  3 quokkas
  8 frilled lizards
  10 rats
117 creatures vanquished.

Vanquished Creatures (others)
  A worker ant (D:4)
  Robin (D:4)
  An adder (D:4)
  2 orcs (D:4)
  6 goblins (D:4)
  6 hobgoblins (D:4)
  A jackal (D:4)
18 creatures vanquished.

Grand Total: 135 creatures vanquished

Notes
Turn   | Place    | Note
-------+----------+-------------------------------------------
     0 | D:1      | asthiss the Human Berserker began the quest for the Orb.
     0 | D:1      | Reached XP level 1. HP: 18/18 MP: 1/1
   135 | D:1      | Reached XP level 2. HP: 11/24 MP: 2/2
   554 | D:1      | Reached XP level 3. HP: 29/29 MP: 3/3
   560 | D:1      | Reached ** piety under Trog
  1388 | D:2      | Reached XP level 4. HP: 35/35 MP: 4/4
  1605 | D:2      | Found a bloodstained altar of Trog.
  1916 | D:2      | Found a shimmering altar of Xom.
  2006 | D:2      | Reached skill level 4 in Maces & Flails
  2254 | D:2      | Reached XP level 5. HP: 42/42 MP: 5/5
  3030 | D:3      | Reached XP level 6. HP: 45/48 MP: 6/6
  3047 | D:3      | Found a bloodstained altar of Trog.
  3059 | D:3      | Reached skill level 5 in Maces & Flails
  3072 | D:3      | Found an opulent altar of Gozag.
  3281 | D:3      | Reached *** piety under Trog
  3628 | D:3      | Noticed Ijyb
  3640 | D:3      | Killed Ijyb
  3890 | D:4      | Reached XP level 7. HP: 49/54 MP: 7/7
  3902 | D:4      | Noticed Pikel
  3914 | D:4      | Killed Pikel
  3914 | D:4      | Reached skill level 7 in Maces & Flails
  3914 | D:4      | Reached XP level 8. HP: 61/61 MP: 8/8
  4330 | D:4      | Reached **** piety under Trog
  4432 | D:4      | Killed Robin
  4778 | D:5      | Entered Level 5 of the Dungeon
  4828 | D:5      | Found a sacrificial altar of Ru.
  4848 | D:5      | Paralysed by a hobgoblin for 2 turns
  4854 | D:5      | Paralysed by a hobgoblin for 6 turns
  5080 | D:5      | HP: 3/61 [centaur/arrow (11)]
  5084 | D:5      | Shot with an arrow by a centaur

Skill      XL: |  1  2  3  4  5  6  7 |
---------------+----------------------+-----
Maces & Flails | 4 5 7 |  7.3
Armour         | 3 4 |  4.8
Fighting       | 4 |  4.8
Dodging        | |  2.4
Stealth        | |  0.7

Action                   |  1- 3 |  4- 6 |  7- 9 || total
-------------------------+-------+-------+-------++-------
Melee: Mace              |   113 |   294 |   105 ||   512
Invok: Berserk           |     2 |     3 |     1 ||     6
  Use: Potion            |     5 |       |     2 ||     7
       Scroll            |     5 |     5 |     4 ||    14
  Eat: Chunk             |     3 |    11 |     1 ||    15
       Fruit             |     1 |       |       ||     1
       Meat ration       |       |       |     1 ||     1
Armor: Animal skin       |    14 |       |       ||    14
       Ring mail         |    11 |       |       ||    11
       Plate armour      |    25 |   281 |    65 ||   371
       Skin              |       |       |     8 ||     8
Dodge: Dodged            |    68 |   109 |    96 ||   273
